 Dungeon Crawl Stone Soup version 0.19.0-2-gae57169 (webtiles) character file.

190722 Gingerlord the Severer (level 19, -3/228 HPs)
             Began as a Human Monk on Nov 7, 2016.
             Was a High Priest of Okawaru.
             Succumbed to a ghost moth's poison
             ... on level 3 of the Spider Nest.
             The game lasted 02:00:13 (43049 turns).

Gingerlord the Severer (Human Monk)                Turns: 43049, Time: 02:00:14

Health: -3/228     AC: 26    Str: 21 (23) XL:     19   Next: 33%
Magic:  0/26       EV: 17    Int: 11 (12) God:    Okawaru [*****.]
Gold:   2678       SH: 34    Dex: 18      Spells: 0 memorised, 18 levels left

rFire  + . .     SeeInvis +     T - +5 broad axe "Fyf Xuch" {chop, rElec rF+ rC+ Stlth+}
rCold  + + +     Gourm    .     S - +0 plate armour "Covvamiw" {+Blink rC+ Int+6}
rNeg   + + +     Faith    .     s - +10 large shield "Ykenesoa" {rC+++ rN+++ Int-5 Dex-2}
rPois  .         Spirit   .     O - +0 helmet
rElec  +         Reflect  +     P - +0 cloak {MR+}
rCorr  .         Harm     .     x - +1 pair of gloves {Dex+3}
MR     ++...                    K - +2 pair of boots {Fly}
Stlth  ..........               B - +5 amulet of reflection
                                M - ring of see invisible
                                I - +5 ring of evasion

@: berserking, lethally poisoned (-3 -> -78), flying, very slightly
contaminated, very quick
A: no striking features
a: Heroism, Finesse, Renounce Religion, Evoke Blink, Stop Flying


You were on level 3 of the Spider Nest.
You worshipped Okawaru.
Okawaru was extremely pleased with you.
You were not hungry.

You visited 6 branches of the dungeon, and saw 32 of its levels.
You also visited: Bailey and Ice Cave.

You collected 3026 gold pieces.
You spent 348 gold pieces at shops.

Inventory:

Hand Weapons
 e - a +4 executioner's axe of flaming
 T - the +5 broad axe "Fyf Xuch" (weapon) {chop, rElec rF+ rC+ Stlth+}
   (Okawaru gifted it to you on level 4 of the Spider Nest)

   It inflicts extra damage upon your enemies.
   It protects you from fire.
   It protects you from cold.
   It insulates you from electricity.
   It makes you more stealthy.
Armour
 s - the +10 large shield "Ykenesoa" (worn) {rC+++ rN+++ Int-5 Dex-2}
   (You bought it in a shop on level 2 of the Orcish Mines)

   It affects your intelligence (-5).
   It affects your dexterity (-2).
   It renders you almost immune to cold.
   It renders you almost immune to negative energy.
 x - a +1 pair of gloves of dexterity (worn)
 K - a +2 pair of boots of flying (worn)
 O - a +0 helmet (worn)
 P - a +0 cloak of magic resistance (worn)
 S - the +0 plate armour "Covvamiw" (worn) {+Blink rC+ Int+6}
   (Okawaru gifted it to you on level 6 of the Lair of Beasts)

   It affects your intelligence (+6).
   It protects you from cold.
   It lets you blink.
Jewellery
 m - a +5 ring of dexterity
 u - an uncursed ring of resist corrosion
 B - a +5 amulet of reflection (around neck)
 I - a +5 ring of evasion (left hand)
 J - an uncursed amulet of faith
 M - a ring of see invisible (right hand)
Wands
 a - a wand of teleportation (6/9)
 d - a wand of iceblast (4/15)
 g - a wand of teleportation (3/9)
 F - a wand of digging (8/24)
Scrolls
 f - 3 scrolls of teleportation
 i - 14 scrolls of remove curse
 j - a scroll of fear
 k - 3 scrolls of magic mapping
 l - 4 scrolls of immolation
 o - 2 scrolls of brand weapon
 q - 5 scrolls of identify
 r - 2 scrolls of recharging
 w - 4 scrolls of fog
 A - 5 scrolls of enchant weapon
 D - 2 scrolls of silence
 E - a scroll of summoning
 G - 2 scrolls of torment
 N - 6 scrolls of enchant armour
 Q - a scroll of holy word
Potions
 h - 3 potions of haste
 n - 4 potions of agility
 t - 6 potions of brilliance
 v - 3 potions of cancellation
 z - 2 potions of might
 C - a potion of magic
 R - a potion of resistance
Comestibles
 b - 9 meat rations
 c - 8 bread rations
 p - 14 fruits


   Skills:
 + Level 14.3 Fighting
 + Level 16.1 Axes
 + Level 15.3 Armour
 + Level 13.4 Dodging
 - Level 2.0 Stealth
 * Level 12.1 Shields
 - Level 10.5 Invocations


You had 18 spell levels left.
You didn't know any spells.

Dungeon Overview and Level Annotations

Branches:
Dungeon (15/15) Temple (1/1) D:6 Lair (6/6) D:9 Swamp (4/4) Lair:3 Spider (4/4) Lair:3 Slime (0/5) Lair:5 Orc (2/2) D:11 Elf (0/3) Orc:2 Vaults (0/5) D:13 D:14 Depths (0/5) D:15

Altars:
Ashenzari
Cheibriados
Dithmenos
Elyvilon
Fedhas
Hepliaklqana
Kikubaaqudgha
Okawaru
Qazlal
Ru
Sif Muna
Trog
Uskayaw
Vehumet
Xom
Yredelemnul
Zin
Jiyva

Shops:
D:11 :   Orc:2 [((:*

Annotations:
D:3 ufetubus's ghost, amateur KoMo
D:5 1 exclusion
Lair:4 Rupert


Message History

Press: ? - help, Shift-Dir - straight line The rock shatters into small pieces.
This wand has 8 charges left.
An emperor scorpion comes into view.
* * * LOW HITPOINT WARNING * * *
You feel extremely sick.
Unknown command.
Okay, then.
Blink to where?
Press: ? - help, Dir - move target cursor
As you read the scroll of blinking, it crumbles to dust.
* * * LOW HITPOINT WARNING * * *
You feel extremely sick.
Okay, then.
A red film seems to cover your vision as you go berserk!
You feel yourself moving faster!
You feel mighty!
Your surroundings suddenly seem different.
* * * LOW HITPOINT WARNING * * *
You feel extremely sick.
You feel a strong urge to attack something.
You die...

##.####....####..#.....##....###
#.).#.....##.^#..##.#..#####.# #
#...#......#>.....###..#...####
##...>....##.....###........^.##
#.........#..#...#............#.
#..#.....##..#..##............#.
#..###.#######..#^.....####.###.
#.^^.#### #.......#..#..###...
##....#.# ##.@....#..##..#....
###....^# ####...####.###....^..
#......## #...#..# ######^..####
#.....#####.#.######^.##....#
##.#..#.##...#..##.#..#.....#
###.....^.<.^.....#..###...#
##.......#...##......##....##
#..^....###^#.#.....##....##
####..^##.#.###....#.s...##


There were no monsters in sight!

Vanquished Creatures
  Bai Suzhen (Spider:3)
  Kirke (Lair:3)
  Frances (D:12)
  2 thorn hunters (Swamp:3)
  5 emperor scorpions
  A ghost moth (Spider:4)
  2 orc warlords (Orc:2)
  A stone giant (Orc:1)
  3 entropy weavers (Spider:1)
  Azrael (D:14)
  The ghost of CBag the Cleaver, a journeyman MiGl of Okawaru (D:13)
  A spark wasp (Spider:3)
  2 ettins
  16 hydras
  Fannar (D:11)
  4 catoblepae
  Erica (Orc:1)
  A ghost crab (Swamp:3)
  12 death yaks (Lair:6)
  4 centaur warriors
  2 tengu warriors (D:13)
  3 alligators
  An ogre mage (D:15)
  3 orc high priests (Orc:2)
  A hell knight (D:15)
  6 spriggans (Swamp:3)
  Sonja (Lair:2)
  2 spriggan druids
  3 unseen horrors
  Nergalle (D:11)
  5 hill giants
  A deep elf archer (D:15)
  Pikel (D:7)
  25 wolf spiders
  4 orc knights
  2 shambling mangroves
  A necromancer (IceCv)
  21 ugly things
  10 orb spiders
  An orc sorcerer (Orc:2)
  4 manticores
  A moth of wrath (Spider:1)
  Maurice (D:9)
  6 elephants
  6 black mambas
  2 torpor snails
  3 orange demons (D:15)
  An ice statue (IceCv)
  12 spiny frogs
  3 centaur skeletons
  A gargoyle (D:11)
  11 freezing wraiths
  9 rime drakes
  An efreet (D:14)
  2 ice devils (D:13)
  9 demonic crawlers
  14 komodo dragons
  6 trolls
  A polar bear (Lair:5)
  44 jumping spiders
  2 wolf spider simulacra (IceCv)
  11 blink frogs
  9 tyrant leeches
  3 meliai (D:15)
  Prince Ribbit (D:7)
  11 hornets
  2 two-headed ogres
  14 slime creatures
  6 bog bodies
  14 hippogriffs
  Sigmund (D:5)
  33 tarantellas
  85 redbacks
  3 fire bats (Lair:1)
  A shadow (Swamp:1)
  59 yaks
  9 wyverns
  2 fire elementals (D:14)
  4 hogs
  A steam dragon (D:15)
  15 humans
  8 basilisks
  18 vampire mosquitoes
  2 hungry ghosts
  A death yak simulacrum (IceCv)
  3 mottled dragons
  2 wargs
  Edmund (D:5)
  14 swamp worms
  20 water moccasins
  4 hell hounds (D:14)
  7 porcupines
  5 swamp drakes
  28 orc warriors
  8 sky beasts
  A slave (D:7)
  A black bear (D:9)
  An eye of draining (D:11)
  11 ice beasts
  A necrophage (D:10)
  15 ogres
  13 wolves
  3 phantoms
  13 centaurs
  17 crocodiles
  16 bullfrogs
  A wyvern zombie (D:14)
  8 scorpions
  An elephant simulacrum (IceCv)
  3 wights (D:9)
  10 electric eels
  3 howler monkeys
  4 crimson imps
  A centaur zombie (D:5)
  3 draconian simulacra (IceCv)
  3 quasits
  3 bullfrog zombies
  12 orc wizards
  5 hounds
  5 jellies
  9 orc priests
  3 bullfrog skeletons
  6 iguanas
  2 troll simulacra (IceCv)
  10 worker ants
  5 hell rats (Lair:4)
  2 spriggan simulacra (IceCv)
  2 centaur simulacra (IceCv)
  A hound skeleton (D:10)
  3 worker ant zombies
  4 gnolls
  7 ogre simulacra (IceCv)
  9 adders
  4 naga simulacra (IceCv)
  A shadow imp (D:9)
  12 white imps (IceCv)
  2 oozes
  2 worms
  A dart slug (D:1)
  5 leopard geckos
  56 orcs
  3 ball pythons
  9 giant cockroaches
  6 goblins
  11 hobgoblins
  2 jackals (D:3)
  8 kobolds
  4 quokkas
  4 bats
  7 frilled lizards
  A quokka skeleton (D:7)
  9 rats
  2 briar patches (Swamp:3)
  5 fungi
  2 plants
1072 creatures vanquished.

Vanquished Creatures (others)
  Aizul (Spider:1)
  A hydra (Swamp:3)
  A centaur warrior (D:13)
  A spriggan druid (Swamp:3)
  A deep elf archer (D:14)
  A cyclops (D:13)
  A spiny frog (Swamp:4)
  A yaktaur (D:15)
  A human (D:14)
  4 centaurs
  A howler monkey (D:7)
  2 briar patches (Swamp:3)
  28 fungi
  14 plants
58 creatures vanquished.

Grand Total: 1130 creatures vanquished

Notes
Turn   | Place    | Note
-------+----------+-------------------------------------------
     0 | D:1      | Gingerlord the Human Monk began the quest for the Orb.
     0 | D:1      | Reached XP level 1. HP: 18/18 MP: 1/1
   100 | D:1      | Reached XP level 2. HP: 22/24 MP: 2/2
   278 | D:1      | Reached skill level 1 in Armour
   558 | D:1      | Reached XP level 3. HP: 26/29 MP: 3/3
  1117 | D:2      | Reached XP level 4. HP: 21/35 MP: 4/4
  1287 | D:2      | Found a hide-covered altar of Uskayaw.
  1669 | D:2      | Found a hazy altar of Hepliaklqana.
  2119 | D:3      | Noticed ufetubus's ghost (amateur KoMo)
  2278 | D:2      | Reached XP level 5. HP: 29/41 MP: 5/5
  2657 | D:2      | Found a shattered altar of Ashenzari.
  2657 | D:2      | Found a basalt altar of Yredelemnul.
  2657 | D:2      | Found a stormy altar of Qazlal.
  2747 | D:4      | Reached skill level 4 in Axes
  3017 | D:4      | Got a faintly glowing dagger
  3018 | D:4      | Identified the +9 dagger of the Bruised Ships {venom, rF+ MR+} (You found it on level 4 of the Dungeon)
  3204 | D:4      | Reached XP level 6. HP: 48/48 MP: 6/6
  3367 | D:4      | Noticed a sky beast
  3388 | D:4      | Killed a sky beast
  3441 | D:4      | Reached skill level 1 in Shields
  3705 | D:5      | Entered Level 5 of the Dungeon
  3711 | D:5      | Reached XP level 7. HP: 54/54 MP: 7/7
  3831 | D:5      | Noticed Edmund
  4004 | D:5      | Found an ancient bone altar of Kikubaaqudgha.
  4051 | D:5      | Noticed Sigmund
  4069 | D:5      | Killed Sigmund
  4096 | D:5      | Reached XP level 8. HP: 52/61 MP: 8/8
  4152 | D:5      | Killed Edmund
  4152 | D:5      | Reached skill level 5 in Axes
  4157 | D:5      | Reached skill level 5 in Fighting
  4157 | D:5      | Reached skill level 5 in Dodging
  4968 | D:6      | Reached skill level 8 in Axes
  4968 | D:6      | Reached XP level 9. HP: 67/74 MP: 9/9
  5006 | D:6      | Found a staircase to the Ecumenical Temple.
  5036 | Temple   | Entered the Ecumenical Temple
  5218 | Temple   | Became a worshipper of Warmaster Okawaru
  5218 | Temple   | Reached * piety under Okawaru
  5218 | Temple   | Reached ** piety under Okawaru
  5948 | D:7      | Noticed Prince Ribbit
  5958 | D:7      | Killed Prince Ribbit
  5958 | D:7      | Reached XP level 10. HP: 70/80 MP: 10/10
  6008 | D:7      | Noticed Pikel
  6036 | D:7      | Killed Pikel
  6036 | D:7      | Reached *** piety under Okawaru
  6036 | D:7      | Reached skill level 10 in Armour
  6795 | D:9      | Reached skill level 1 in Invocations
  6871 | D:9      | Found a shattered altar of Ashenzari.
  7070 | D:9      | Noticed Maurice
  7114 | D:9      | Killed Maurice
  7114 | D:9      | Reached **** piety under Okawaru
  7333 | D:9      | Noticed a komodo dragon
  7336 | D:9      | Noticed a komodo dragon
  7349 | D:9      | Killed a komodo dragon
  7349 | D:9      | Reached skill level 9 in Axes
  7349 | D:9      | Reached XP level 11. HP: 57/87 MP: 10/12
  7778 | D:9      | Found a staircase to the Lair.
  8100 | D:9      | Reached ***** piety under Okawaru
  8194 | D:10     | Entered Level 10 of the Dungeon
  8273 | D:10     | Noticed a hill giant
  8289 | D:10     | Killed a hill giant
  9253 | D:11     | Found Bibuwnik's Book Shoppe.
  9276 | D:11     | Found a flagged portal.
  9277 | D:11     | Noticed a brown ugly thing
  9307 | D:11     | Killed a brown ugly thing
  9316 | D:11     | Got a fine spear
  9317 | D:11     | Identified the +6 spear of Incongruity {antimagic, rElec rC- Int+3} (You found it on level 11 of the Dungeon)
  9322 | Bailey   | Entered a bailey
  9456 | D:11     | Reached XP level 12. HP: 77/97 MP: 15/15
  9636 | D:11     | Noticed Nergalle
  9656 | D:11     | Killed Nergalle
  9658 | D:11     | Found a staircase to the Orcish Mines.
  9724 | D:11     | Noticed Fannar
  9864 | D:11     | Identified a scroll of acquirement
  9945 | D:11     | Noticed an unseen horror
  9951 | D:11     | Killed Fannar
  9951 | D:11     | Reached ****** piety under Okawaru
  9951 | D:11     | Received a gift from Okawaru
  9954 | D:11     | Got an ichor-stained crystal plate armour {god gift}
  9967 | D:11     | Identified the +1 crystal plate armour "Wipan" {Int+2} (Okawaru gifted it to you on level 11 of the Dungeon)
 10300 | Lair:1   | Entered Level 1 of the Lair of Beasts
 10326 | Lair:1   | Reached skill level 5 in Invocations
 10400 | Lair:1   | Found a hazy altar of Hepliaklqana.
 10494 | Lair:1   | Reached skill level 10 in Axes
 10516 | Lair:1   | Reached skill level 10 in Fighting
 11059 | Lair:1   | Noticed a four-headed hydra
 11077 | Lair:1   | Killed a one-headed hydra
 11348 | Lair:2   | Noticed Sonja
 12282 | Lair:3   | Noticed a six-headed hydra
 12290 | Lair:3   | Killed a two-headed hydra
 12339 | Lair:3   | Found a hole to the Spider Nest.
 12345 | Lair:3   | Reached XP level 13. HP: 83/104 MP: 14/17
 12356 | Lair:3   | Received a gift from Okawaru
 12471 | Lair:3   | Reached skill level 11 in Axes
 12538 | Lair:3   | Found a staircase to the Swamp.
 13868 | Lair:4   | Noticed a five-headed hydra
 13878 | Lair:4   | Killed a two-headed hydra
 14248 | Lair:4   | Noticed Kirke
 14772 | Lair:3   | Noticed a sphinx
 15418 | Lair:4   | Noticed Rupert
 16126 | Lair:2   | Killed Sonja
 16126 | Lair:2   | Received a gift from Okawaru
 16375 | Lair:4   | Received a gift from Okawaru
 16559 | Lair:5   | Noticed a seven-headed hydra
 16581 | Lair:5   | Reached skill level 12 in Axes
 16595 | Lair:5   | Killed a one-headed hydra
 16595 | Lair:5   | Reached XP level 14. HP: 86/113 MP: 19/19
 17415 | Lair:5   | Found a staircase to the Slime Pits.
 17416 | Lair:5   | Found a viscous altar of Jiyva.
 17900 | Lair:6   | Entered Level 6 of the Lair of Beasts
 17959 | Lair:6   | Received a gift from Okawaru
 18017 | Lair:6   | Got a citrine-encrusted plate armour {god gift}
 18028 | Lair:6   | Identified the +0 plate armour "Covvamiw" {+Blink rC+ Int+6} (Okawaru gifted it to you on level 6 of the Lair of Beasts)
 18056 | Lair:6   | Found a hazy altar of Hepliaklqana.
 18398 | Lair:6   | Reached skill level 10 in Dodging
 18525 | Lair:6   | Reached skill level 13 in Axes
 19213 | Lair:6   | Reached XP level 15. HP: 93/120 MP: 20/22
 19716 | Lair:6   | Received a gift from Okawaru
 21083 | D:11     | Found an ancient bone altar of Kikubaaqudgha.
 21355 | D:12     | Noticed Frances
 21370 | D:12     | Reached skill level 10 in Invocations
 21377 | D:12     | Killed Frances
 21478 | D:12     | Reached skill level 14 in Axes
 21770 | Orc:1    | Entered Level 1 of the Orcish Mines
 21956 | Orc:1    | Noticed Erica
 21978 | Orc:1    | Killed Erica
 22170 | Orc:1    | Found a deep blue altar of Sif Muna.
 22223 | Orc:1    | Noticed a stone giant
 22241 | Orc:1    | HP: 5/121 [stone giant (23)]
 22594 | Orc:2    | Entered Level 2 of the Orcish Mines
 22703 | Orc:2    | Noticed an orc warlord
 23569 | Orc:1    | Killed a stone giant
 23939 | Orc:2    | Killed an orc warlord
 23977 | Orc:2    | Found Soobagiene's Weapon Boutique.
 24067 | Orc:2    | Received a gift from Okawaru
 24068 | Orc:2    | Found Xoramiwk's Book Shop.
 24069 | Orc:2    | Noticed an orc warlord
 24464 | Orc:2    | Reached XP level 16. HP: 20/128 MP: 23/23
 24476 | Orc:2    | Found Xerchequle's Antique Armour Emporium.
 24863 | Orc:2    | Found Damyggum's Antique Weapon Boutique.
 24928 | Orc:2    | Found Ihayps's General Store.
 24961 | Orc:2    | Bought a scroll of fear for 35 gold pieces
 24961 | Orc:2    | Bought a meat ration for 50 gold pieces
 24961 | Orc:2    | Bought a scroll of magic mapping for 35 gold pieces
 25217 | Orc:2    | Found a staircase to the Elven Halls.
 25398 | Orc:2    | Bought a crude large shield for 228 gold pieces
 25488 | D:11     | Identified the +10 large shield "Ykenesoa" {rC+++ rN+++ Int-5 Dex-2} (You bought it in a shop on level 2 of the Orcish Mines)
 25518 | Orc:2    | Got a crystal war axe {god gift}
 25519 | Orc:2    | Identified the +1 war axe of Binent {chop, rF+ Dex+3} (Okawaru gifted it to you on level 2 of the Orcish Mines)
 25615 | D:13     | Noticed CBag's ghost (journeyman MiGl)
 25663 | D:13     | Killed CBag's ghost
 26011 | D:13     | Found a frozen archway.
 26044 | IceCv    | Entered an ice cave
 26245 | IceCv    | Received a gift from Okawaru
 26320 | IceCv    | Reached skill level 5 in Shields
 26404 | IceCv    | Got a bloodstained broad axe {god gift}
 26405 | IceCv    | Identified the +1 broad axe of Doubt {chop, Int+4 SInv Stlth+} (Okawaru gifted it to you in an ice cave)
 26480 | IceCv    | Found an ancient bone altar of Kikubaaqudgha.
 27569 | D:14     | Found a gate to the Vaults.
 27968 | D:14     | Received a gift from Okawaru
 28656 | D:14     | Noticed Azrael
 28683 | D:14     | Killed Azrael
 28683 | D:14     | Reached skill level 15 in Axes
 29093 | D:15     | Entered Level 15 of the Dungeon
 29155 | D:15     | Found a staircase to the Depths.
 29333 | D:15     | Reached XP level 17. HP: 136/136 MP: 24/24
 29466 | D:15     | Got a distressingly furry helmet
 29477 | D:15     | Identified the +1 helmet of Healoix {*Slow MR+ Int+4} (You found it on level 15 of the Dungeon)
 30076 | D:15     | Found a blossoming altar of Fedhas.
 30104 | D:15     | Received a gift from Okawaru
 30799 | Swamp:1  | Entered Level 1 of the Swamp
 30881 | Lair:3   | Noticed a sphinx
 30890 | Lair:3   | Killed Kirke
 31289 | Swamp:1  | Paralysed by a hornet for 1 turns
 33743 | Swamp:3  | Noticed a thorn hunter
 33764 | Swamp:3  | Killed a thorn hunter
 34643 | Swamp:3  | Noticed a thorn hunter
 34974 | Swamp:3  | Killed a thorn hunter
 35085 | Swamp:4  | Entered Level 4 of the Swamp
 35179 | Swamp:4  | Received a gift from Okawaru
 35591 | Spider:1 | Entered Level 1 of the Spider Nest
 35709 | Spider:1 | Reached XP level 18. HP: 142/144 MP: 22/25
 36012 | Spider:1 | Noticed Aizul
 36033 | Spider:1 | Killed Aizul
 36387 | Spider:1 | Reached skill level 10 in Shields
 37177 | Spider:1 | Received a gift from Okawaru
 39478 | Spider:2 | Reached skill level 15 in Armour
 39715 | Spider:2 | You are sucked into a shaft!
 39790 | Spider:2 | You are sucked into a shaft!
 40117 | Spider:3 | Noticed Bai Suzhen
 40145 | Spider:3 | Killed Bai Suzhen
 41101 | Spider:3 | Reached skill level 16 in Axes
 41407 | Spider:4 | Entered Level 4 of the Spider Nest
 41592 | Spider:4 | Reached XP level 19. HP: 152/152 MP: 26/26
 41690 | Spider:4 | Received a gift from Okawaru
 41711 | Spider:4 | Got a transparent broad axe {god gift}
 41712 | Spider:4 | Identified the +5 broad axe "Fyf Xuch" {chop, rElec rF+ rC+ Stlth+} (Okawaru gifted it to you on level 4 of the Spider Nest)
 43047 | Spider:3 | HP: 5/152 [poisoned by a ghost moth]
 43048 | Spider:3 | HP: 1/228 [poisoned by a ghost moth]
 43049 | Spider:3 | Succumbed to a ghost moth's poison

Skill      XL: |  1  2  3  4  5  6  7  8  9 10 11 12 13 14 15 16 17 18 19 |
---------------+----------------------------------------------------------+-----
Armour         | 1 2 3 9 10 11 12 13 14 15 | 15.3
Axes           | 4 8 9 10 12 13 14 15 16 | 16.1
Fighting       | 4 8 9 10 11 12 13 14 | 14.3
Dodging        | 4 5 6 7 8 9 10 11 12 13 | 13.4
Shields        | 1 2 3 4 7 9 11 12 | 12.1
Invocations    | 2 4 5 7 9 10 | 10.5
Stealth        | |  2.0

Action                   |  1- 3 |  4- 6 |  7- 9 | 10-12 | 13-15 | 16-18 | 19-21 || total
-------------------------+-------+-------+-------+-------+-------+-------+-------++-------
Melee: Hand axe          |   103 |   177 |       |       |       |       |       ||   280
       Dagger            |       |    34 |   160 |   743 |       |       |       ||   937
       Whip              |       |     5 |       |       |       |       |       ||     5
       Executioner's axe |       |       |       |    65 |   932 |   438 |       ||  1435
       Unarmed           |       |       |       |       |     3 |       |       ||     3
       Broad axe         |       |       |       |       |       |  1269 |   280 ||  1549
       War axe           |       |       |       |       |       |   228 |       ||   228
Invok: Heroism           |       |       |       |     6 |    10 |    23 |     5 ||    44
       Finesse           |       |       |       |       |     2 |     2 |     1 ||     5
Evoke: Wand              |       |       |       |     1 |       |     3 |     1 ||     5
  Use: Scroll            |       |       |    18 |    15 |    11 |    12 |     6 ||    62
       Potion            |       |       |     1 |     4 |     6 |     4 |     1 ||    16
 Stab: Sleeping          |     3 |       |       |     5 |     3 |       |       ||    11
       Distracted        |       |       |       |       |     2 |       |       ||     2
  Eat: Chunk             |       |     3 |     5 |     7 |    14 |    12 |       ||    41
       Bread ration      |       |     1 |       |     2 |     4 |     5 |       ||    12
       Meat ration       |       |       |     1 |       |     1 |     2 |     1 ||     5
       Fruit             |       |       |       |     2 |       |     9 |     4 ||    15
       Royal jelly       |       |       |       |     1 |       |     1 |       ||     2
       Pizza             |       |       |       |     1 |       |     3 |       ||     4
       Beef jerky        |       |       |       |       |     1 |     1 |       ||     2
Armor: Leather armour    |     3 |       |       |       |       |       |       ||     3
       Ring mail         |    27 |     6 |       |       |       |       |       ||    33
       Scale mail        |       |    83 |    25 |    74 |       |       |       ||   182
       Mottled dragon sc |       |       |       |   112 |   139 |       |       ||   251
       Plate armour      |       |       |       |       |   237 |   740 |   138 ||  1115
Dodge: Dodged            |    72 |   131 |    42 |   429 |  1098 |  1065 |   118 ||  2955
Block: Buckler           |       |    17 |    87 |   422 |       |       |       ||   526
       Reflection        |       |       |     5 |     7 |     4 |    67 |       ||    83
       Other             |       |       |       |    24 |   268 |   124 |       ||   416
       Large shield      |       |       |       |       |       |  2448 |   485 ||  2933
